 Dungeon Crawl Stone Soup version 0.27-a0-679-g77a6b55cf3 (webtiles) character file.

Game seed: 18251456076107454814

37 Lanoc the Covert (level 3, -3/34 HPs)
             Began as a Naga Delver on Mar 18, 2021.
             Was an Initiate of Ashenzari.
             Killed by divine providence
             ... invoked by an orc priest
              (10 damage)
             ... on level 3 of the Dungeon.
             The game lasted 00:02:04 (500 turns).

Lanoc the Covert (Naga Delver)                       Turns: 500, Time: 00:02:04

Health: -3/34      AC:  2    Str: 14    XL:     3   Next: 39%
Magic:  3/3        EV:  9    Int: 10    God:    Ashenzari [......]
Gold:   24         SH:  0    Dex: 13    Spells: 2/2 levels left

rFire    . . .     SeeInvis +   a - +0 short sword
rCold    . . .     Faith    .   (no shield)
rNeg     . . .     Spirit   .   b - +0 leather armour
rPois    +         Reflect  .   (no helmet)
rElec    .         Harm     .   (no cloak)
rCorr    .         Rampage  .   (no gloves)
Will     .....                  (no barding)
Stlth    ++++......             (no amulet)
HPRegen  0.11/turn              (no ring)
MPRegen  0.08/turn              (no ring)

@: very slow
A: AC +1, large, see invisible, deformed body, poison resistance, slowness 2,
spit poison 1, naga tail 1
a: Spit Poison, Renounce Religion


You were on level 3 of the Dungeon.
You worshipped Ashenzari.
Ashenzari was noncommittal.
You visited 1 branch of the dungeon, and saw 3 of its levels.

You collected 24 gold pieces.

Inventory:

Hand Weapons
 a - a +0 short sword (weapon)
Armour
 b - a +0 leather armour (worn)
Wands
 g - a wand of digging (3)
Scrolls
 c - a scroll of fog
Potions
 d - a potion of ambrosia
 e - a potion of lignification
 f - a potion of haste
 i - 2 potions of brilliance


   Skills:
 + Level 3.3 Fighting
 - Level 2.0 Short Blades
 + Level 2.0 Dodging
 * Level 8.1 Stealth


You had 2 spell levels left.
You didn't know any spells.
Your spell library was empty.

Dungeon Overview and Level Annotations

Branches:
Dungeon (5/15)
 Temple: D:4-7

Altars:
Ashenzari

Shops:
D:3 [*


Innate Abilities, Weirdness & Mutations

Your serpentine skin is tough. (AC +1)
You have supernaturally acute eyesight. (SInv)
Armour fits poorly on your strangely shaped body.
Your system is resistant to poisons. (rPois)
You cover ground very slowly.
You can spit poison.
You have a snake-like lower body.


Message History

The splash of poison misses the kobold.
The splash of poison hits the dart slug.
The dart slug is poisoned.
The dart slug is lightly wounded.
The kobold throws a poisoned dart.
The poisoned dart hits you!
A quokka zombie comes into view.
The kobold hits you with a +0 dagger of pain.
You barely miss the kobold. The kobold closely misses you.
You hit the dart slug but do no damage.
The dart slug is severely wounded.
You have got your breath back.
The dart slug bites you but does no damage.
The kobold barely misses you.
You hit the kobold.
The kobold is heavily wounded.
The kobold hits you with a +0 dagger of pain.
You hit the kobold.
You kill the kobold!
The dart slug barely misses you.
You hit the dart slug.
You kill the dart slug!
The quokka zombie bites you but does no damage.
You hit the quokka zombie.
The quokka zombie is moderately damaged.
The quokka zombie bites you.
You hit the quokka zombie.
The quokka zombie is almost destroyed.
The quokka zombie bites you but does no damage.
You barely miss the quokka zombie.
The quokka zombie is almost destroyed.
The quokka zombie bites you.
You hit the quokka zombie.
You destroy the quokka zombie!
The orc priest invokes the aid of Beogh against you.
Beogh smites you!
* * * LOW HITPOINT WARNING * * *
You feel better.
The orc priest calls down the wrath of Beogh upon you.
Beogh smites you!
You die...

###.......(..##.#.###........#
#..[..)..#.##.#.###...###..#
#.....#....##.#.......# ...
###.......###.#.......# #.#
###..≈...##.........# .#
....≈≈≈≈..##..∩.....#
#....≈≈≈...##.######.#
#.....≈≈≈..##..# .#
#.....≈≈..@###.# (#
#.....≈...)###.### .#
....##...o#.....# ...
#..).......# #..........#
#..........## #......∩..o.#
#...)...###o# .##.....# #.#


You could see an orc priest.

Vanquished Creatures
  An adder (D:3)
  A gnoll (D:4)
  A dart slug (D:3)
  3 orcs (D:3)
  A giant cockroach (D:3)
  A kobold (D:3)
  A ball python (D:3)
  A bat (D:3)
  2 frilled lizards (D:3)
  A leopard gecko zombie (D:3)
  A quokka zombie (D:3)
  2 rats (D:3)
16 creatures vanquished.

Vanquished Creatures (others)
  3 withered plants (D:3)
3 creatures vanquished.

Grand Total: 19 creatures vanquished

Notes
Turn   | Place    | Note
-------+----------+-------------------------------------------
     0 | D:5      | Lanoc the Naga Delver began the quest for the Orb.
     0 | D:5      | Reached XP level 1. HP: 21/21 MP: 1/1
    40 | D:4      | Noticed a howler monkey
    44 | D:4      | Noticed a centaur
    45 | D:4      | Reached XP level 2. HP: 28/28 MP: 2/2
   337 | D:3      | Found a broken altar of Ashenzari.
   357 | D:3      | Became a worshipper of Ashenzari the Shackled
   360 | D:3      | Found Dirihig's Assorted Antiques.
   373 | D:3      | Found Cypnuhag's Antique Armour Boutique.
   386 | D:3      | Reached XP level 3. HP: 31/34 MP: 3/3
   440 | D:3      | Reached skill level 8 in Stealth
   500 | D:3      | Killed from afar by an orc priest

Illustrated notes

Levels and vault maps discovered:
D:3:      layout_basic, serial_undead, serial_undead_f, serial_undead_a,
          serial_undead_e, serial_undead_c, serial_shops, shop, shop, shop,
          shop, nicolae_shop_trees, minmay_crystal_water, st_stairs_6,
          cheibrodos_ashenzari_chains
D:4:      layout_cave_pools
D:5:      layout_basic, basic_altar, uniq_pikel, uniq_menkaure

Skill      XL: |  1  2  3 |
---------------+----------+-----
Dodging        | 2 |  2.0
Stealth        | 8 |  8.1
Fighting       | |  3.3
Short Blades   | |  2.0

Action                   || total
-------------------------++-------
Melee: Short sword       ||    28
 Abil: Spit Poison       ||     9
  Use: Scroll            ||     3
       Potion            ||     1
 Stab: Sleeping          ||     2
Armor: Leather armour    ||     6
Dodge: Dodged            ||    16

Table legend: (Time is in decaauts)
 A = Elapsed time spent in this place.
 B = Non-inter-level travel time spent in this place.
 C = Inter-level travel time spent in this place.
 D = Time resting spent in this place.
 E = Time spent auto-exploring this place.
 F = Levels seen in this place.
 G = Mean time per level.
                   A        B        C        D        E       F      G
               +--------+--------+--------+--------+--------+-----+--------+
         Total |    567 |    567 |      0 |    231 |    108 |   3 |  189.0 |
       Dungeon |    567 |    567 |      0 |    231 |    108 |   3 |  189.0 |
               +--------+--------+--------+--------+--------+-----+--------+

Top non-repeatable levels by time:
     D:3: 483 daAuts
     D:4: 77 daAuts
     D:5: 6 daAuts
